Map: Kairos Junction LE

Players

Special

  • Race: Terran Terran
  • League: Master
  • Spawn Location: 11:00

Serral - Winner!

  • Race: Zerg Zerg
  • Spawn Location: 5:00

Event: 2019 WCS Spring

VOD

Have the link to the VOD?

Description

Time

  • Played on: May 19, 2019, 1:39 p.m.
  • Length: 17:34

All games in this series

Show
View Real Time Build Order
Export as new Build Order

Special Terran 

Build Orders: Liberator Opening, Reaper Expand, Mech 

Get SALT Encoding   

  12  0:00  SCV  
  13  0:12  SCV  
  14  0:17  Supply Depot  
  14  0:25  SCV  
  15  0:39  SCV, Barracks  
  16  0:43  Refinery  
  16  0:51  SCV  
  17  1:03  SCV  
  18  1:15  SCV  
  19  1:27  Orbital Command, Reaper  
  20  1:40  Command Center  
  20  1:51  Supply Depot  
  20  1:53  SCV  
  21  1:59  Marine  
  22  2:06  Factory  
  22  2:08  SCV  
  23  2:16  Refinery  
  23  2:20  SCV  
  23  2:21  Barracks Reactor  
  24  2:32  SCV  
  25  2:45  SCV  
  26  2:52  Starport  
  26  2:53  Orbital Command  
  26  2:57  SCV  
  27  3:04  Hellion x2  
  31  3:06  Marine  
  31  3:09  SCV  
  33  3:12  Liberator  
  33  3:20  SCV  
  33  3:21  SCV  
  33  3:25  Barracks Tech Lab  
  33  3:26  Hellion x2  
  42  3:36  SCV  
  42  3:37  SCV, Supply Depot  
  44  3:48  Hellion  
  46  3:58  SCV x2  
  46  3:59  Hellion  
  46  4:00  Supply Depot  
  50  4:10  SCV x2  
  52  4:22  SCV x2, Command Center  
  54  4:25  Marine x2  
  54  4:26  Siege Tank  
  54  4:28  Supply Depot  
  59  4:35  SCV x2  
  61  4:43  Marine  
  62  4:49  Marine, Refinery  
  62  4:50  Refinery, SCV x2, Supply Depot  
  65  4:54  Liberator  
  65  4:58  Siege Tank  
  68  5:01  Marine  
  68  5:02  SCV  
  68  5:05  Supply Depot  
  70  5:11  Marine  
  70  5:12  SCV  
  75  5:14  SCV  
  75  5:17  Armory  
  75  5:19  Armory  
  75  5:21  Marine  
  77  5:24  SCV  
  77  5:27  SCV  
  79  5:28  Supply Depot  
  79  5:36  Orbital Command, SCV  
  79  5:39  SCV  
  81  5:47  Hellion x2  
  81  5:48  SCV  
  86  5:50  Barracks Tech Lab  
  86  5:51  Factory, SCV  
  86  5:55  Factory  
  87  6:00  SCV  
  87  6:03  SCV  
  90  6:06  Orbital Command, Starport Reactor  
  90  6:10  Hellion x2, Supply Depot  
  93  6:12  Terran Vehicle Weapons Level 1, SCV, Supply Depot  
  93  6:13  Terran Vehicle And Ship Armor Level 1  
  93  6:15  SCV  
  95  6:24  SCV  
  96  6:31  Hellion  
  96  6:32  Hellion, SCV  
  101  6:33  SCV  
  101  6:35  Orbital Command  
  101  6:36  SCV  
  100  6:40  Cyclone, Mag-Field Accelerator  
  100  6:43  Hellion x6  
  100  6:44  SCV  
  105  6:49  SCV  
  96  6:56  SCV  
  96  6:58  Hellion x2  
  96  7:01  SCV x2  
  102  7:07  Cyclone  
  102  7:08  Factory, SCV  
  106  7:12  Cyclone, Factory  
  106  7:13  SCV x2  
  112  7:17  Supply Depot  
  112  7:20  SCV  
  112  7:21  Supply Depot  
  113  7:24  Supply Depot  
  113  7:25  SCV x2  
  113  7:26  Refinery  
  113  7:27  Refinery  
  113  7:28  Infernal Pre-Igniter  
  115  7:32  SCV  
  116  7:37  SCV x2  
  116  7:39  Hellion x2  
  116  7:41  Liberator  
  116  7:42  Liberator  
  116  7:43  Cyclone  
  125  7:44  Cyclone, SCV  
  125  7:49  SCV  
  125  7:50  SCV  
  125  7:51  Supply Depot  
  131  7:56  Supply Depot  
  131  7:57  Factory Tech Lab, SCV  
  131  7:58  Factory Reactor  
  135  8:01  SCV  
  139  8:06  SCV  
  140  8:15  Command Center  
  140  8:16  Hellion x2  
  144  8:22  Siege Tank  
  144  8:23  Siege Tank  
  144  8:25  SCV  
  123  8:27  SCV  
  123  8:31  Siege Tank  
  122  8:36  Hellion x2  
  122  8:37  Hellion x2  
  130  8:41  Terran Vehicle Weapons Level 2  
  130  8:55  Siege Tank, Terran Vehicle And Ship Armor Level 2  
  133  8:57  Hellion x2  
  133  8:58  Cyclone, Hellion x2  
  144  9:07  Liberator  
  144  9:09  Supply Depot  
  144  9:10  Supply Depot  
  142  9:19  Hellion x2  
  142  9:20  Hellion x2  
  142  9:22  Siege Tank  
  153  9:27  Siege Tank  
  157  9:32  Liberator  
  152  9:42  Hellion  
  152  9:43  Hellion x2  
  152  9:44  Supply Depot  
  156  9:48  Siege Tank  
  156  9:51  Hellion  
  164  9:54  Siege Tank  
  159  10:02  Hellion  
  159  10:04  Hellion  
  155  10:08  SCV x2, Liberator  
  155  10:09  SCV  
  156  10:15  Liberator  
  156  10:20  Hellion x4, Engineering Bay  
  164  10:22  Refinery  
  164  10:24  Siege Tank  
  168  10:32  Refinery  
  168  10:35  Hellion x2  
  173  10:41  Supply Depot  
  173  10:42  Siege Tank, Supply Depot, Command Center  
  172  10:50  Hellion x3  
  172  10:51  Liberator  
  172  10:56  Cyclone x2  
  171  10:58  Liberator  
  165  11:09  Hellion  
  165  11:11  Hellion x2  
  174  11:13  Planetary Fortress  
  174  11:14  Cyclone  
  174  11:15  Sensor Tower  
  180  11:32  Supply Depot  
  180  11:33  Supply Depot  
  180  11:34  Hellion, Liberator  
  180  11:35  Hellion x3  
  186  11:40  Liberator  
  186  11:44  Cyclone  
  185  11:51  Terran Vehicle Weapons Level 3  
  186  11:57  Hellion x2, Siege Tank  
  179  12:07  SCV x2  
  179  12:08  Hellion, SCV  
  163  12:11  Siege Tank  
  161  12:16  Liberator  
  161  12:19  SCV x2  
  161  12:21  Hellion x2  
  161  12:22  Siege Tank  
  170  12:23  Liberator  
  170  12:29  Hellion, Siege Tank  
  173  12:33  Hellion  
  164  12:43  Cyclone  
  152  12:46  Hellion  
  148  12:52  Hellion x2  
  148  12:54  Siege Tank  
  153  13:01  Cyclone  
  153  13:02  SCV x2  
  153  13:03  Orbital Command, SCV  
  144  13:07  Hellion x2  
  148  13:14  SCV  
  148  13:15  Cyclone  
  148  13:16  SCV x2  
  154  13:26  SCV, Siege Tank  
  158  13:28  SCV  
  158  13:29  SCV  
  158  13:30  Hellion  
  158  13:31  Hellion x2  
  166  13:37  Hellion x2  
  166  13:38  SCV  
  166  13:41  SCV  
  172  13:45  SCV x2  
  172  13:47  Hellion  
  172  13:56  Hellion x2  
  172  13:58  Cyclone x2  
  182  14:04  SCV  
  182  14:05  SCV x2  
  182  14:07  Hellion  
  182  14:08  Cyclone  
  177  14:17  Hellion  
  177  14:21  Hellion x2  
  178  14:28  Liberator x2  
  178  14:30  Siege Tank x2  
  184  14:33  Sensor Tower  
  184  14:35  Hellion  
  183  14:38  Hellion  
  183  14:40  Cyclone  
  194  14:48  Hellion x2  
  198  14:56  Hellion  
  200  15:00  Hellion  
  200  15:02  Hellion  
  178  15:19  Hellion x2, Siege Tank  
  177  15:21  Cyclone  
  177  15:23  SCV x3  
  177  15:28  Viking x2  
  175  15:32  Thor  
  176  15:37  Hellion  
  173  15:47  Hellion  
  175  15:52  Hellion  
  174  15:58  Viking x2  
  178  16:10  Thor  
  184  16:23  Cyclone x2  
  190  16:25  Orbital Command  
  190  16:28  Viking x2  
Show
View Real Time Build Order
Export as new Build Order

Serral Zerg - Winner!

Build Orders: Hatch First, Swarm Host 

Get SALT Encoding   

  12  0:00  Drone  
  13  0:12  Overlord  
  13  0:16  Drone  
  14  0:30  Drone x2  
  16  0:48  Hatchery  
  15  0:51  Drone  
  15  0:55  Drone  
  17  0:59  Drone  
  18  1:09  Extractor  
  17  1:13  Spawning Pool  
  17  1:17  Drone  
  17  1:20  Drone  
  18  1:27  Drone  
  19  1:39  Drone  
  20  1:59  Overlord  
  20  2:00  Queen, Zergling x4  
  20  2:01  Queen  
  26  2:11  Drone x2, Metabolic Boost  
  28  2:22  Drone x2  
  30  2:28  Extractor  
  29  2:32  Drone x2  
  29  2:36  Queen  
  33  2:44  Overlord  
  33  2:46  Drone  
  33  2:47  Extractor  
  34  2:57  Hatchery  
  34  3:01  Drone x2  
  36  3:10  Drone x2  
  36  3:11  Overlord  
  38  3:14  Zergling x2  
  38  3:16  Drone  
  38  3:17  Drone  
  38  3:19  Queen  
  41  3:22  Drone  
  44  3:27  Overlord  
  44  3:33  Overlord  
  44  3:38  Zergling x2  
  44  3:39  Zergling x2  
  44  3:40  Lair  
  46  3:42  Zergling x2  
  46  3:44  Drone  
  48  3:49  Overlord  
  48  3:50  Drone x2  
  48  3:55  Drone, Overlord  
  51  4:02  Queen  
  53  4:06  Baneling Nest  
  53  4:09  Zergling x2  
  53  4:11  Overlord  
  53  4:14  Drone  
  53  4:16  Drone, Spore Crawler  
  53  4:17  Drone  
  53  4:21  Queen  
  53  4:23  Drone  
  57  4:28  Zergling x2  
  57  4:30  Zergling x2  
  59  4:33  Overlord  
  59  4:34  Drone x2  
  61  4:38  Zergling x2  
  61  4:39  Zergling x2  
  61  4:43  Overlord  
  62  4:46  Drone  
  62  4:47  Drone x2  
  65  4:54  Drone x2  
  65  4:55  Drone  
  65  4:56  Centrifical Hooks  
  65  4:59  Drone x3  
  71  5:07  Extractor  
  71  5:08  Extractor, Overlord  
  71  5:13  Zergling x4  
  70  5:14  Drone x3  
  70  5:15  Drone x2  
  70  5:17  Overseer  
  70  5:19  Drone  
  76  5:25  Queen  
  76  5:27  Overlord  
  76  5:28  Drone x2  
  80  5:34  Drone x3, Evolution Chamber  
  82  5:38  Evolution Chamber, Zergling x2  
  82  5:42  Drone x2  
  84  5:43  Drone  
  84  5:45  Drone x2  
  84  5:46  Extractor  
  84  5:48  Zergling x6  
  89  5:53  Zergling x6  
  89  5:54  Baneling x4  
  89  5:55  Baneling x5  
  92  5:59  Spore Crawler  
  92  6:03  Drone, Zergling x2  
  93  6:05  Zergling x2  
  93  6:07  Zergling x6  
  97  6:13  Zergling x2  
  97  6:17  Zergling x2  
  97  6:18  Zergling x2  
  100  6:23  Zerg Ground Armor Level 1, Zerg Melee Weapons Level 1  
  100  6:25  Drone  
  101  6:26  Zergling x6  
  101  6:27  Zergling x2  
  105  6:37  Drone  
  102  6:41  Drone x2  
  102  6:44  Spore Crawler  
  102  6:46  Zergling x12  
  109  6:57  Drone, Infestation Pit  
  109  6:58  Drone x2  
  111  7:01  Queen  
  111  7:05  Hatchery  
  113  7:21  Drone  
  113  7:22  Extractor, Drone x2, Roach Warren  
  114  7:24  Spore Crawler  
  114  7:25  Overlord x3  
  114  7:28  Baneling x5, Hatchery  
  114  7:29  Baneling x2  
  113  7:38  Extractor  
  113  7:44  Drone  
  113  7:46  Drone x4  
  113  7:48  Drone x2  
  113  7:49  Drone x3  
  122  7:51  Overseer  
  122  7:53  Pneumatized Carapace  
  122  8:01  Glial Reconstitution  
  122  8:05  Drone x2  
  124  8:07  Roach x3  
  124  8:08  Overlord x2  
  124  8:09  Overlord x3  
  129  8:25  Roach x2  
  129  8:26  Roach x2, Zergling x4  
  126  8:30  Queen  
  126  8:31  Roach x2  
  126  8:32  Roach x5  
  141  8:35  Zerg Missile Weapons Level 1  
  141  8:36  Zerg Melee Weapons Level 2  
  141  8:38  Spine Crawler  
  141  8:39  Queen  
  141  8:40  Drone  
  141  8:41  Drone x4  
  147  8:45  Ravager x7  
  151  8:58  Roach x3, Zergling x12  
  163  9:04  Overlord x2  
  163  9:09  Overlord  
  163  9:11  Baneling  
  163  9:12  Baneling x6  
  160  9:18  Drone x2  
  160  9:20  Roach x2  
  160  9:23  Overlord x2  
  161  9:32  Zergling x12  
  161  9:33  Zergling x16  
  169  9:45  Swarm Host x6  
  178  9:56  Drone  
  178  9:57  Drone x3  
  178  9:58  Roach  
  178  9:59  Roach, Zergling x14  
  188  10:05  Baneling x7  
  186  10:07  Swarm Host x3  
  194  10:18  Spore Crawler  
  194  10:19  Baneling x2  
  194  10:20  Baneling x5  
  193  10:26  Swarm Host x4  
  193  10:27  Spine Crawler x2  
  195  10:31  Spore Crawler  
  195  10:34  Swarm Host  
  196  10:37  Zergling x2  
  187  10:51  Zergling x2  
  187  10:52  Zergling x26  
  190  10:58  Roach x2, Zergling x6  
  190  11:03  Overlord  
  194  11:12  Baneling x14  
  194  11:14  Roach  
  196  11:23  Hive  
  196  11:25  Spire  
  192  11:26  Drone x3, Extractor, Burrow  
  192  11:27  Extractor, Drone x3  
  192  11:31  Ravager  
  192  11:32  Zergling x6  
  199  11:48  Baneling x7  
  193  12:02  Zergling x14  
  193  12:07  Zergling x20  
  190  12:16  Overlord x2  
  190  12:18  Ravager  
  190  12:20  Extractor, Roach x2  
  190  12:21  Extractor  
  193  12:24  Drone x3  
  193  12:28  Baneling x10  
  187  12:30  Zergling x16  
  188  12:44  Roach x4, Zergling x2  
  179  12:53  Ravager x2  
  179  12:57  Queen x5  
  179  12:59  Roach x2, Zergling x24  
  188  13:08  Roach x2, Zergling x2  
  188  13:09  Zergling x4  
  194  13:14  Baneling x2, Ravager  
  194  13:15  Ravager x3  
  198  13:22  Greater Spire  
  195  13:33  Queen  
  197  13:35  Ravager x3  
  197  13:37  Baneling x14  
  195  13:51  Corruptor x3  
  198  14:01  Drone x3  
  198  14:05  Drone x2  
  194  14:10  Corruptor x3  
  198  14:22  Hatchery  
  197  14:34  Corruptor  
  199  14:44  Brood Lord  
  198  14:52  Zerg Flyer Weapons Level 1  
  199  15:00  Hatchery, Brood Lord  
  199  15:01  Brood Lord  
  197  15:07  Brood Lord  
  197  15:08  Zergling x2  
  191  15:19  Brood Lord x2  
  185  15:25  Corruptor x9  
  196  15:35  Hatchery  
  192  15:44  Corruptor x3  
  192  16:01  Zergling x14  
  183  16:16  Zergling x30  
  194  16:22  Hatchery  
  194  16:24  Baneling x14  
  178  16:34  Roach x6  
  178  16:35  Baneling x7  
  178  16:36  Baneling x8  
  191  16:40  Zergling x4  
  191  16:41  Zergling x6  
  196  16:50  Zergling x14  
  186  16:59  Zergling x8  
  169  17:07  Zergling x6  
Tags
 
Add a new tag
Caveats
  • Supply blocks, unpowered buildings, or Contaminate may cause inaccurate times.
  • Supply counts are checked every 10 seconds.